General information
- name: BNet
- type: Ladder 1vs1/FFA
- host: Battle.net
- saver: Nasty_Butler
map: TerenasStand
- players: 2
- length: 21:14
- speed: Fast
- version: 1.24 W3XP
- replay type: Public
» download(57 KB)
Players
team 1 (winner)
Nasty_Butler (
orange | 54 APM | 1138 actions | 21:14)
5 Mountain King
3 Storm Bolt
2 Bash
2 Paladin
1 Holy Light
1 Divine Shield
1 Archmage
1 Summon Water Elemental
» actions
| Assign group hotkey | 31 | |
| Basic commands | 105 | |
| Build / train | 84 | |
| ESC pressed | 2 | |
| Enter build submenu | 49 | |
| Enter hero's abilities submenu | 9 | |
| Give item / drop item | 4 | |
| Right click | 312 | |
| Select / deselect | 292 | |
| Select group hotkey | 126 | |
| Use ability | 124 | |
1138 total
» units
| Peasant | 15 | |
| Footman | 8 | |
| Goblin Shredder | 1 | |
| Dragonhawk Rider | 2 | |
| Mortar Team | 4 | |
| Gryphon Rider | 2 | |
32 total
» upgrades
| Defend | 1 | |
| Masonry | 1 | |
| Gunpowder | 1 | |
| Armor | 2 | |
| Fragmentation Shards | 1 | |
| Magic Sentry | 1 | |
| Sorceress Training | 1 | |
| Animal War Training | 1 | |
| Flare | 1 | |
| Cloud | 1 | |
11 total
» buildings
| Altar of Kings | 1 | |
| Barracks | 1 | |
| Farm | 10 | |
| Scout Tower | 37 | |
| Arcane Tower | 6 | |
| Town Hall | 1 | |
| Lumber Mill | 1 | |
| Arcane Vault | 2 | |
| Guard Tower | 12 | |
| Keep | 1 | |
| Blacksmith | 1 | |
| Castle | 1 | |
| Gryphon Aviary | 2 | |
| Workshop | 1 | |
| Arcane Sanctum | 1 | |
78 total
» build order
00:06 Altar of Kings
00:11 Barracks
00:41 Farm
01:09 Farm
01:35 Farm
02:09 Scout Tower
02:44 Arcane Tower
04:12 Town Hall
04:15 Scout Tower
04:30 Farm
04:35 Arcane Tower
04:57 Lumber Mill
05:25 Scout Tower
05:25 Scout Tower
05:26 Scout Tower
05:27 Scout Tower
05:27 Scout Tower
06:12 Arcane Vault
06:16 Guard Tower
07:01 Guard Tower
07:06 Scout Tower
07:06 Scout Tower
07:07 Scout Tower
07:08 Scout Tower
07:10 Scout Tower
07:11 Scout Tower
07:28 Guard Tower
07:38 Keep
07:40 Guard Tower
07:42 Guard Tower
09:07 Blacksmith
09:16 Guard Tower
09:19 Farm
09:19 Farm
10:07 Castle
10:24 Scout Tower
10:24 Scout Tower
10:26 Scout Tower
10:28 Scout Tower
10:30 Scout Tower
10:45 Gryphon Aviary
10:49 Gryphon Aviary
10:54 Arcane Tower
10:55 Scout Tower
10:58 Scout Tower
10:59 Guard Tower
11:26 Guard Tower
11:28 Scout Tower
11:29 Scout Tower
11:30 Guard Tower
11:36 Workshop
11:56 Arcane Vault
11:57 Guard Tower
12:14 Farm
12:15 Farm
12:27 Scout Tower
12:28 Scout Tower
12:45 Guard Tower
13:31 Arcane Sanctum
13:47 Arcane Tower
15:24 Scout Tower
15:24 Scout Tower
15:42 Scout Tower
16:14 Arcane Tower
16:34 Farm
16:34 Farm
16:38 Scout Tower
17:56 Guard Tower
18:33 Scout Tower
18:33 Scout Tower
19:08 Arcane Tower
19:09 Scout Tower
19:10 Scout Tower
19:11 Scout Tower
19:11 Scout Tower
19:12 Scout Tower
19:13 Scout Tower
19:16 Scout Tower
» items
| Dust of Appearance | 1 | |
| Periapt of Vitality | 1 | |
| Boots of Speed | 1 | |
| Scroll of Regeneration | 3 | |
| Lesser Clarity Potion | 2 | |
| Mechanical Critter | 1 | |
| Scroll of Healing | 1 | |
10 total
team 2 (loser)
44cal (
red | 40 APM | 858 actions | 21:13)
4 Blademaster
2 Wind Walk
2 Critical Strike
2 Shadow Hunter
1 Hex
1 Healing Wave
» actions
| Assign group hotkey | 34 | |
| Basic commands | 45 | |
| Build / train | 79 | |
| Enter build submenu | 30 | |
| Enter hero's abilities submenu | 6 | |
| Give item / drop item | 2 | |
| Right click | 204 | |
| Select / deselect | 205 | |
| Select group hotkey | 168 | |
| Use ability | 85 | |
858 total
» units
| Peon | 26 | |
| Grunt | 10 | |
| Demolisher | 6 | |
| Raider | 5 | |
| Shaman | 4 | |
51 total
» upgrades
| Armor | 1 | |
| Melee Weapons | 1 | |
| Spiked Barricades | 1 | |
| Berserker Strength | 1 | |
| Ensnare | 1 | |
| Shaman Training | 2 | |
| Burning Oil | 1 | |
8 total
» buildings
| Altar of Storms | 1 | |
| Orc Burrow | 7 | |
| Barracks | 1 | |
| Voodoo Lounge | 1 | |
| War Mill | 1 | |
| Stronghold | 1 | |
| Watch Tower | 8 | |
| Great Hall | 2 | |
| Spirit Lodge | 1 | |
| Beastiary | 1 | |
| Fortress | 1 | |
25 total
» build order
00:12 Altar of Storms
00:19 Orc Burrow
01:12 Barracks
01:58 Orc Burrow
02:20 Voodoo Lounge
02:37 War Mill
03:24 Orc Burrow
03:33 Stronghold
05:13 Watch Tower
05:18 Watch Tower
06:50 Great Hall
06:54 Watch Tower
06:55 Watch Tower
07:34 Spirit Lodge
08:02 Watch Tower
09:17 Watch Tower
09:20 Watch Tower
09:59 Watch Tower
11:50 Beastiary
12:18 Orc Burrow
12:23 Orc Burrow
12:34 Orc Burrow
12:55 Great Hall
15:14 Fortress
15:25 Orc Burrow
» items
| Healing Salve | 4 | |
| Lesser Clarity Potion | 2 | |
| Scroll of Speed | 3 | |
| Potion of Healing | 1 | |
10 total
Chat log
(08:55 / All) Nasty_Butler: 0 lost
(09:05 / All) 44cal: have a cookie fag
(09:09 / All) Nasty_Butler: y u so mad
(09:23 / All) Nasty_Butler: its only a game :D
(09:32 / All) 44cal: eat a dick
(09:34 / All) 44cal: fag
(09:36 / All) Nasty_Butler: dont get mad
(09:42 / All) Nasty_Butler: not healthy
(09:42 / All) 44cal: don't be a fag